 Dungeon Crawl Stone Soup version 0.31-a0-940-gdaa99269f9 (webtiles) character file.

Game seed: 2185434532592327650

62935 freelancePsychic the Impaler (level 14, 0/123 HPs)
             Began as a Demonspawn Berserker on Oct 20, 2023.
             Was a High Priest of Trog.
             Slain by a blink frog (5 damage)
             ... on level 5 of the Lair of Beasts.
             The game lasted 00:28:51 (20051 turns).

freelancePsychic the Impaler (DsBe)                Turns: 20051, Time: 00:28:52

Health: 0/123      AC: 24    Str: 19    XL:     14   Next: 66%
Magic:  14/14      EV: 11    Int: 10    God:    Trog [*****.]
Gold:   494        SH:  9    Dex: 15    Spells: 13/13 levels left

rFire   . . .        h - +11 halberd of the Lost Tales {spect, Stlth+}
rCold   + . .        (shield currently unavailable)
rNeg    . . .        r - +0 swamp dragon scales
rPois   +            l - +2 hat {Stlth+}
rElec   .            q - +2 cloak {Stlth+}
rCorr   +            (no gloves)
SInv    .            C - +0 pair of boots
Will    ++...        m - amulet of reflection
Stlth   ++++         x - ring "Xuetam" {Will+ rCorr Dex+2}
HPRegen 0.40/turn    (no ring)
MPRegen 0.14/turn

%: reflection
@: about to teleport, marked, invisible
A: icy blue scales 3, icemail 1, spiny 1, condensation shield, weakness stinger
2, weak 1, inability to drink after injury 1
a: Renounce Religion, Berserk, Trog's Hand, Brothers in Arms


You were on level 5 of the Lair of Beasts.
You worshipped Trog.
Trog was extremely pleased with you.
You visited 3 branches of the dungeon, and saw 19 of its levels.

You collected 1316 gold pieces.
You spent 822 gold pieces at shops.

Inventory:

Hand Weapons
 h - the +11 halberd of the Lost Tales (weapon) {spect, Stlth+}
   (You bought it in a shop on level 1 of the Dungeon)

   Stlth+:    It makes you more stealthy.
Missiles
 v - 10 curare-tipped darts
Armour
 b - a +0 helmet
 j - a +0 chain mail
 l - a +2 hat of stealth (worn)
 q - a +2 cloak of stealth (worn)
 r - +0 swamp dragon scales (worn)
 C - a +0 pair of boots (worn)
Jewellery
 m - an amulet of reflection (around neck)
 x - the ring "Xuetam" (left hand) {Will+ rCorr Dex+2}
   (You found it on level 7 of the Dungeon)

   [ring of willpower]

   Dex+2:     It affects your dexterity (+2).
   Will+:     It increases your willpower.
   rCorr:     It protects you from acid and corrosion.
Wands
 g - a wand of flame (43)
 s - a wand of roots (24)
 t - a wand of polymorph (5)
 B - a wand of paralysis (14)
Scrolls
 c - 2 scrolls of blinking
 k - 3 scrolls of vulnerability
 n - 2 scrolls of fear
 o - 3 scrolls of enchant armour
 p - a scroll of silence
 y - 2 scrolls of revelation
 F - 3 scrolls of enchant weapon
 G - a scroll of fog
 J - 2 scrolls of identify {@r1}
Potions
 a - a potion of invisibility
 d - 6 potions of heal wounds {@q2}
 f - 2 potions of berserk rage {unknown}
 i - 2 potions of haste {unknown}
 u - 3 potions of might
 w - 3 potions of lignification
 z - 2 potions of degeneration {unknown}
 A - 5 potions of curing {@q1}
 D - a potion of attraction {unknown}
 H - a potion of ambrosia {unknown}
 I - 2 potions of enlightenment {unknown}
Miscellaneous
 E - a phial of floods
 K - a sack of spiders


   Skills:
 - Level 15.0 Fighting
 - Level 15.9(16.0) Polearms
 - Level 1.0(10.4) Staves
 * Level 8.5 Armour
 - Level 1.7 Dodging
 - Level 3.3 Unarmed Combat
 + Level 9.4 Evocations


You had 13 spell levels left.
You didn't know any spells.
Your spell library was empty.

Dungeon Overview and Level Annotations

Branches:
Dungeon (13/15)            Temple (0/1) D:5            Lair (5/5) D:9
  Swamp (0/4) Lair:3       Spider (0/4) Lair:2        Slime (0/5) Lair:4
    Orc (1/2) D:12
 Vaults: D:13-14

Altars:
Ashenzari
Dithmenos
Fedhas
Makhleb
Nemelex Xobeh
Okawaru
Qazlal
Trog
Uskayaw
Wu Jian
Xom
Jiyva
Lugonu

Shops:
D:1 *   D:4 !   D:13 [   Orc:1 =

Annotations:
D:1 1 transporter
D:10 3 runed translucent doors, Darius099's ghost, novice MiFi


Innate Abilities, Weirdness & Mutations

You are completely covered in icy blue scales. (AC +4, rC+)
A meltable icy envelope protects you from harm. (AC +4)
You are partially covered in sharp spines.
A meltable shield of frost defends you. (SH +4)
You have a tail ending in a sharp stinger.
You are weak. (Str -2)
You occasionally lose the ability to drink potions when taking damage.


Message History

The goliath frog misses you.
A bullfrog comes into view.
As you read the scroll of teleportation {@r4}, it crumbles to dust.
You feel strangely unstable.
Your +11 halberd of the Lost Tales {spect, Stlth+} disappears.
The dream sheep ruffles its wool and motes of dream dust sparkle, to no effect.
The catoblepas snuffles in challenge.
The catoblepas is struck by your spines.
The catoblepas gores you!
The goliath frog hits you but does no damage.
You puncture the catoblepas! You tail-slap the catoblepas!
The catoblepas is moderately wounded.
Your +11 halberd of the Lost Tales {spect, Stlth+} hits the catoblepas from afar.
The cane toad closely misses your +11 halberd of the Lost Tales {spect, Stlth+}.
You block the blink frog's attack.
The water moccasin barely misses your +11 halberd of the Lost Tales {spect, Stlth+}.
The dream sheep ruffles its wool and motes of dream dust sparkle, to no effect.
The goliath frog closely misses you. The catoblepas gores you!
* * * LOW HITPOINT WARNING * * *
You impale the catoblepas!!
The catoblepas is severely wounded.
Your +11 halberd of the Lost Tales {spect, Stlth+} hits the catoblepas from afar!
The blink frog is struck by your spines.
The blink frog barely misses you.
The komodo dragon closely misses your +11 halberd of the Lost Tales {spect, Stlth+}.
The cane toad stings your +11 halberd of the Lost Tales {spect, Stlth+}!
Your spectral weapon shares its damage with you!
* * * LOW HITPOINT WARNING * * *
The water moccasin barely misses your +11 halberd of the Lost Tales {spect, Stlth+}.
You strike the helpless catoblepas from behind!
You impale the catoblepas!!
You kill the catoblepas!
Trog accepts your kill.
Your +11 halberd of the Lost Tales {spect, Stlth+} disappears.
The goliath frog hits you from afar!
* * * LOW HITPOINT WARNING * * *
You are splashed with acid.
You resist.
* * * LOW HITPOINT WARNING * * *
The blink frog hits you.
You die...

.†..(.#....P#).....P#........PP~.
..........P..................~~~≈
.........<......PF...........~~~~
............................P~†~~
...##.†..................~.~~~~~~
.####..................F...~~≈~≈~
. #.....)........F....^..~~#~F~ .
#.........YF†.lF.....~.~~##~~
#.........YY@†F.F....P.~## ##
.........YY###†S......P.~≈ #~
..#..........# #F#.......~~ #~
.#.........[.# .......P.~~ #≈
#.##........# ... . ~~~~ .#
##.......## ##... ~≈~~
#.....?..#### ... ~~~~
##..........# ## ~~~≈
#.........## ~~~~


You could see a komodo dragon (unable to see you), a goliath frog (unable to see
you), 4 yaks, 4 cane toads, 2 blink frogs, a water moccasin (unable to see you),
a bullfrog (unable to see you) and a dream sheep (unable to see you).

Vanquished Creatures
  Gastronok (D:11)
  The ghost of jlumianski the Martial Artist, a journeyman GnSh of Hepliaklqana (Lair:4)
  Nessos (Lair:4)
  Snorg (D:10)
  A fire dragon (D:13)
  2 hydras
  2 catoblepae
  Erica (D:11)
  An ogre mage (D:13)
  A centaur warrior (D:13)
  3 boulder beetles
  A tengu warrior (D:13)
  Sonja (D:12)
  Amaemon (Lair:3)
  2 skysharks
  A flayed ghost (D:13)
  2 bog bodies (Lair:3)
  2 orc knights
  2 deep elf pyromancers
  2 manticores
  An ugly thing (D:12)
  An orc sorcerer (Orc:1)
  5 black mambas
  Joseph (D:10)
  19 cane toads
  A cane toad (shapeshifter) (D:13)
  Maurice (D:10)
  3 gargoyles
  An orange demon (Lair:3)
  5 rime drakes
  9 komodo dragons
  An efreet (D:11)
  An ice devil (D:10)
  2 tengu conjurers
  6 trolls
  A tyrant leech (Lair:5)
  A polar bear (Lair:4)
  A hornet (Lair:4)
  The ghost of Wizardman01 the Ducker, an amateur DjIE (D:4)
  A dream sheep (Lair:5)
  26 blink frogs
  Sigmund (D:5)
  A culicivora (Lair:2)
  7 wyverns
  A vampire (D:11)
  2 wraiths
  A fire bat (D:6)
  7 spriggans
  46 yaks
  5 basilisks
  2 fire elementals (D:10)
  Eustachio (D:5)
  A redback (Lair:2)
  14 vampire mosquitoes
  2 steam dragons
  A warg (Orc:1)
  2 acid dragons (D:10)
  14 water moccasins
  A sky beast (D:8)
  11 orc warriors
  3 black bears
  2 ogres
  5 wolves (Lair:4)
  2 centaurs (D:10)
  20 bullfrogs
  2 kobold brigands
  A scorpion (D:5)
  A gnoll sergeant (D:10)
  7 wights
  10 killer bees
  3 howler monkeys
  An electric eel (Lair:5)
  11 orc priests
  6 jellies
  2 sleepcaps
  2 iguanas (D:5)
  11 orc wizards
  7 gnolls
  9 adders
  A shadow imp (D:8)
  4 white imps
  A dart slug (D:3)
  53 orcs
  2 ball pythons
  2 endoplasms
  6 giant cockroaches
  7 goblins
  4 hobgoblins
  7 jackals
  3 quokkas
  A bat (D:1)
  A frilled lizard (D:1)
  14 kobolds
  3 rats
451 creatures vanquished.

Vanquished Creatures (collateral kills)
  4 hydras
  The ghost of Vade Gum the Slicer, a journeyman DsGl of Uskayaw (Lair:3)
  A rime drake (Lair:5)
  A hornet (Lair:4)
  2 dream sheep (Lair:5)
  2 spriggans (Lair:4)
  6 yaks (Lair:5)
  A black bear (Lair:4)
  A boggart (Lair:4)
19 creatures vanquished.

Vanquished Creatures (others)
  A spectral weapon (Lair:5)
1 creature vanquished.

Grand Total: 471 creatures vanquished

Notes
Turn   | Place    | Note
-------+----------+-------------------------------------------
     0 | D:1      | freelancePsychic the Demonspawn Berserker began the quest
                  | for the Orb.
     0 | D:1      | Reached XP level 1. HP: 18/18 MP: 1/1
   247 | D:1      | Gained mutation: You are partially covered in icy blue
                  | scales. (AC +2) [demonic ancestry]
   247 | D:1      | Reached XP level 2. HP: 24/24 MP: 2/2
   563 | D:1      | Found Xegyces's General Store.
  1003 | D:2      | Reached XP level 3. HP: 29/29 MP: 3/3
  1090 | D:2      | Reached skill level 1 in Polearms
  1819 | D:3      | Reached XP level 4. HP: 12/37 MP: 4/4
  2359 | D:3      | Reached ** piety under Trog
  2417 | D:4      | Noticed an orc warrior
  2432 | D:4      | Killed an orc warrior
  2433 | D:4      | Gained mutation: A meltable shield of frost defends you.
                  | (SH +4) [demonic ancestry]
  2433 | D:4      | Reached XP level 5. HP: 42/42 MP: 5/5
  2709 | D:4      | Found a stormy altar of Qazlal.
  2753 | D:4      | Found a sparkling altar of Nemelex Xobeh.
  2771 | D:4      | Found Pemit's Distillery.
  2901 | D:4      | Found a runed translucent door.
  2903 | D:4      | Noticed Wizardman01's ghost (amateur DjIE)
  2913 | D:4      | Found a hide-covered altar of Uskayaw.
  3197 | D:4      | Killed Wizardman01's ghost
  3198 | D:4      | Gained mutation: You are mostly covered in icy blue scales.
                  | (AC +3) [demonic ancestry]
  3198 | D:4      | Reached XP level 6. HP: 50/50 MP: 6/6
  3235 | D:5      | Entered Level 5 of the Dungeon
  3252 | D:4      | Reached skill level 5 in Fighting
  3327 | D:5      | Found a staircase to the Ecumenical Temple.
  3362 | D:5      | Noticed a water moccasin
  3380 | D:5      | Killed a water moccasin
  3381 | D:5      | Reached skill level 5 in Polearms
  3381 | D:5      | Reached XP level 7. HP: 56/56 MP: 7/7
  3675 | D:5      | Gained mutation: Your mind is acute. (Int +4, Str/Dex -1)
                  | [potion of mutation]
  3675 | D:5      | Gained mutation: You have a pair of small horns on your
                  | head. [potion of mutation]
  3785 | D:5      | Found an ornate altar of the Wu Jian Council.
  3827 | D:5      | You fall into a shaft and drop 1 floor!
  3951 | D:5      | Noticed Eustachio
  3966 | D:5      | Killed Eustachio
  3967 | D:5      | Reached XP level 8. HP: 62/64 MP: 8/8
  4080 | D:5      | Noticed Sigmund
  4087 | D:5      | Killed Sigmund
  4570 | D:6      | Found a shadowy altar of Dithmenos.
  4598 | D:6      | Noticed Maggie
  4604 | D:6      | Maggie changed into Maggie the fire bat
  4604 | D:6      | Noticed Maggie
  4614 | D:6      | Killed Maggie the fire bat
  4660 | D:6      | Found a broken altar of Ashenzari.
  5067 | D:7      | Identified the ring "Xuetam" {Will+ rCorr Dex+2}
  5349 | D:7      | Found a burning altar of Makhleb.
  5901 | D:8      | Noticed a hornet
  5905 | D:8      | a hornet changed into a sky beast
  5922 | D:8      | Gained mutation: You have a small tail. [demonic ancestry]
  5922 | D:8      | Reached XP level 9. HP: 29/72 MP: 9/9
  6364 | D:8      | Found a bloodstained altar of Trog.
  7032 | D:9      | Found a shimmering altar of Xom.
  7048 | D:9      | Reached skill level 10 in Polearms
  7054 | D:9      | Reached *** piety under Trog
  7055 | D:9      | Reached skill level 1 in Evocations
  7068 | D:9      | Noticed a komodo dragon
  7487 | D:9      | Found a blossoming altar of Fedhas.
  7543 | D:9      | Noticed a komodo dragon
  7551 | D:9      | Killed a komodo dragon
  7552 | D:9      | Reached XP level 10. HP: 81/82 MP: 10/10
  7904 | D:9      | Found a staircase to the Lair.
  8327 | D:9      | Reached skill level 5 in Evocations
  8563 | D:9      | Found an iron altar of Okawaru.
  8663 | D:10     | Entered Level 10 of the Dungeon
  8827 | D:10     | Noticed Maurice
  8860 | D:10     | Killed Maurice
  9078 | D:10     | Gained mutation: A meltable icy envelope protects you from
                  | harm. (AC +4) [demonic ancestry]
  9078 | D:10     | Reached XP level 11. HP: 70/90 MP: 11/11
  9514 | D:10     | Noticed a deep elf pyromancer
  9520 | D:10     | Killed a deep elf pyromancer
  9521 | D:10     | Reached skill level 1 in Staves
  9542 | D:10     | Reached skill level 10 in Fighting
  9782 | D:10     | Reached **** piety under Trog
  9995 | D:10     | Found a runed translucent gate.
  9995 | D:10     | Found a runed translucent gate.
  9995 | D:10     | Found a runed translucent gate.
  9995 | D:10     | Noticed Darius099's ghost (novice MiFi)
 10029 | D:10     | Noticed Joseph
 10040 | D:10     | Killed Joseph
 10108 | D:10     | Noticed a boulder beetle
 10121 | D:10     | Killed a boulder beetle
 10159 | D:10     | Noticed a boulder beetle
 10194 | D:10     | Killed a boulder beetle
 10672 | D:11     | Noticed Snorg
 10697 | D:10     | Killed Snorg
 11557 | D:11     | Noticed Gastronok
 11570 | D:11     | Killed Gastronok
 11599 | D:11     | Lost mutation: You have a pair of small horns on your head.
                  | [potion of mutation]
 11599 | D:11     | Lost mutation: Your mind is acute. (Int +4, Str/Dex -1)
                  | [potion of mutation]
 11599 | D:11     | Gained mutation: Your body sometimes deteriorates upon
                  | taking damage. [potion of mutation]
 11599 | D:11     | Gained mutation: You have hidden genetic defects. [potion
                  | of mutation]
 11600 | D:11     | Lost mutation: Your body sometimes deteriorates upon taking
                  | damage. [potion of mutation]
 11600 | D:11     | Lost mutation: You have hidden genetic defects. [potion of
                  | mutation]
 11600 | D:11     | Gained mutation: You are frail. (-10% HP) [potion of
                  | mutation]
 11600 | D:11     | Gained mutation: You possess an exceptional clarity of
                  | mind. [potion of mutation]
 11601 | D:11     | Lost mutation: You possess an exceptional clarity of mind.
                  | [potion of mutation]
 11601 | D:11     | Lost mutation: You are frail. (-10% HP) [potion of
                  | mutation]
 11601 | D:11     | Gained mutation: You are weak. (Str -2) [potion of
                  | mutation]
 11601 | D:11     | Gained mutation: You occasionally lose the ability to drink
                  | potions when taking damage. [potion of mutation]
 11671 | D:11     | Gained mutation: You have a tail ending in a sharp stinger.
                  | [demonic ancestry]
 11671 | D:11     | Reached XP level 12. HP: 86/102 MP: 12/12
 11755 | D:11     | Noticed Erica
 11866 | D:11     | Killed Erica
 12858 | D:12     | Noticed a boulder beetle
 12864 | D:12     | Noticed Sonja
 12873 | D:12     | Killed a boulder beetle
 12876 | D:12     | Killed Sonja
 12966 | D:12     | Found a corrupted altar of Lugonu.
 12997 | D:12     | Found a staircase to the Orcish Mines.
 13500 | IceCv    | Identified the of Nilileum
 13500 | Lair:3   | Identified the "Seemmun"
 13500 | Lair:4   | Identified the of Bipuh
 13500 | Orc:1    | Entered Level 1 of the Orcish Mines
 14012 | Orc:1    | Found Uhaarig's Jewellery Shoppe.
 14437 | D:1      | Bought the +11 halberd of the Lost Tales {spect, Stlth+}
                  | for 822 gold pieces
 15015 | D:13     | Noticed a six-headed hydra
 15028 | D:13     | Killed a 17-headed hydra
 15376 | D:13     | Found Weoturitt's Antique Armour Boutique.
 15387 | D:13     | Noticed a tengu warrior
 15395 | D:13     | Killed a tengu warrior
 15687 | D:13     | Noticed an ogre mage
 15699 | D:13     | Killed an ogre mage
 15703 | D:13     | Noticed a fire dragon
 15712 | D:13     | Killed a fire dragon
 15734 | D:13     | Noticed a centaur warrior
 15738 | D:13     | Killed a centaur warrior
 15739 | D:13     | Gained mutation: You are completely covered in icy blue
                  | scales. (AC +4, rC+) [demonic ancestry]
 15739 | D:13     | Reached XP level 13. HP: 80/112 MP: 13/13
 15965 | Lair:1   | Entered Level 1 of the Lair of Beasts
 16253 | Lair:1   | Reached skill level 15 in Polearms
 16541 | Lair:2   | Reached ***** piety under Trog
 16978 | Lair:2   | Found a hole to the Spider Nest.
 17162 | Lair:3   | Noticed Amaemon
 17196 | Lair:3   | Killed Amaemon
 17431 | Lair:3   | Found a runed translucent gate.
 17440 | Lair:3   | Reached skill level 15 in Fighting
 17548 | Lair:3   | Found a staircase to the Swamp.
 17778 | Lair:3   | Found a runed translucent gate.
 17779 | Lair:3   | Found a runed translucent gate.
 17779 | Lair:3   | Noticed Vade Gum's ghost (journeyman DsGl)
 17798 | Lair:3   | Killed Vade Gum's ghost
 17829 | Lair:3   | Identified the +6 war axe of Moderation {elec, rF- Will+
                  | rCorr}
 18139 | Lair:4   | Found a viscous altar of Jiyva.
 18139 | Lair:4   | Found a staircase to the Slime Pits.
 18597 | Lair:4   | Gained mutation: You are partially covered in sharp spines.
                  | [demonic ancestry]
 18597 | Lair:4   | Reached XP level 14. HP: 123/123 MP: 14/14
 18807 | Lair:4   | Noticed Nessos
 18820 | Lair:4   | Killed Nessos
 18821 | Lair:4   | Reached skill level 5 in Armour
 19281 | Lair:4   | Found a runed translucent door.
 19282 | Lair:4   | Noticed jlumianski's ghost (journeyman GnSh)
 19283 | Lair:4   | Identified the +0 trident of the Spider Nest {elec, Fragile
                  | rC+ Dex+8}
 19512 | Lair:4   | Killed jlumianski's ghost
 19625 | Lair:5   | Entered Level 5 of the Lair of Beasts
 19812 | Lair:5   | Identified the +11 short sword of Friendship {flame, rN+
                  | Dex-4 SInv}
 20017 | Lair:5   | Received a gift from Trog
 20051 | Lair:5   | HP: 5/123 [acid (5)]
 20051 | Lair:5   | Slain by a blink frog

Illustrated notes

Levels and vault maps discovered:
D:1:      spicycebolla_arrival_risky_transporter, layout_loops_ring,
          serial_shops, nicolae_diamond_shop
D:2:      layout_loops_ring
D:3:      layout_basic
D:4:      layout_rooms, nemelex_xobeh_ov_fountains_minmay,
          mainiacjoe_overflow_cross_hatched, mainiacjoe_overflow_catwalk,
          gammafunk_ghost_grave, serial_shops, kennysheep_mini
D:5:      layout_loops_ring, pdpol_wu_jian_five_deadly_venoms,
          minmay_temple_entry_ruins, kennysheep_generic_room_9, uniq_sigmund,
          uniq_eustachio
D:6:      layout_cave_pools, ashenzari_altar_1, tso_oasis_becter,
          nicolae_dithmenos_shadow_blocks, chequers_serial_rivers_micro_e,
          uniq_maggie
D:7:      layout_loops_ring, lemuel_doored_altar
D:8:      layout_basic, mainiacjoe_overflow_brackets, sigmund_army
D:9:      layout_irregular_city, mainiacjoe_overflow_surrounded_room,
          fedhas_altar_1, mainiacjoe_overflow_boulevard, kennysheep_mini_moat,
          grunt_lair_entry_orc_guard_hut
D:10:     layout_loops_ring, lemuel_tele_altar, gammafunk_ghost_nasty_kobolds,
          minmay_misc_feat_square, dilly_guarded_unrand_elemental_staff,
          uniq_joseph, uniq_maurice
D:11:     layout_gridville, nicolae_wwwww, uniq_snorg, uniq_erica,
          uniq_gastronok
D:12:     layout_roguey, david_orc_5, tgw_lugonu_bribe, uniq_sonja
D:13:     minmay_tile_spiral, layout_loops_corners, portal_ice_cave_rime,
          serial_shops, shop
Lair:1:   kb_forest_paths, layout_big_grid, infiniplex_staircase_pool
Lair:2:   layout_cave_shapes, spider_nest_entry_funnel_web
Lair:3:   layout_concentric_octagons, skrybe_swamp_entry_bodies,
          gammafunk_ghost_hydra_chop, grunt_megastairs_4, uniq_amaemon
Lair:4:   layout_hall_layers, slime_entry_1, serial_rivers,
          chequers_serial_rivers_micro_d, chequers_serial_rivers_room_b,
          chequers_serial_rivers_large_b, chequers_serial_rivers_marsh,
          chequers_serial_rivers_small_a, ebering_ghost_funeral_grove,
          uniq_nessos
Lair:5:   minmay_lair_end_frog_pond, layout_cave_shapes,
          pdpol_lair_neglected_garden, minmay_lair_drake_nest,
          serial_bayou_shore_a
Orc:1:    nicolae_orc_accident_2, layout_caves, serial_shops, shop, shop,
          nicolae_shop_bloodbath_and_beyond, shop, basic_altar

Skill      XL: |  1  2  3  4  5  6  7  8  9 10 11 12 13 14 |
---------------+-------------------------------------------+-----
Unarmed Combat | 3 |  3.3
Polearms       | 1 3 4 5 6 8 10 11 13 14 15 | 15.9
Fighting       | 4 5 6 7 8 9 11 13 15 | 15.0
Evocations     | 2 6 7 9 |  9.4
Staves         | 1 |  1.0
Armour         | 4 8 |  8.5
Dodging        | |  1.7

Action                     |  1- 3 |  4- 6 |  7- 9 | 10-12 | 13-15 || total
---------------------------+-------+-------+-------+-------+-------++-------
  Melee: Unarmed           |    69 |       |       |       |       ||    69
         Punch             |     4 |     4 |     9 |     8 |       ||    25
         Spear             |    45 |   197 |   335 |       |       ||   577
         Headbutt          |       |       |    72 |    85 |       ||   157
         Trident           |       |       |    84 |   115 |       ||   199
         Tailslap          |       |       |    26 |   111 |    56 ||   193
         Halberd           |       |       |       |   540 |   335 ||   875
 Invoke: Berserk           |     1 |     4 |     7 |    13 |       ||    25
         Trog's Hand       |       |     1 |     2 |     6 |     1 ||    10
         Brothers in Arms  |       |       |       |       |     6 ||     6
  Evoke: Wand              |       |       |    16 |    11 |     2 ||    29
         Phial of floods   |       |       |       |     2 |       ||     2
    Use: Scroll            |     1 |     2 |     6 |     5 |    10 ||    24
         Potion            |     1 |     1 |     2 |     6 |     4 ||    14
   Stab: Sleeping          |     1 |       |       |     5 |    17 ||    23
         Distracted        |       |       |       |     3 |     8 ||    11
         Paralysed         |       |       |       |     1 |     2 ||     3
         Invisible         |       |       |       |       |     5 ||     5
 Armour: Animal skin       |    43 |       |       |       |       ||    43
         Ring mail         |     6 |    33 |       |       |       ||    39
         Chain mail        |       |    48 |    59 |       |       ||   107
         Swamp dragon scal |       |       |   103 |   469 |   141 ||   713
  Dodge: Dodged            |    70 |    71 |    89 |   246 |    71 ||   547
  Block: Other             |       |    45 |   105 |   242 |    70 ||   462
         Reflection        |       |     2 |     3 |     9 |       ||    14

Table legend: (Time is in decaauts)
 A = Elapsed time spent in this place.
 B = Non-inter-level travel time spent in this place.
 C = Inter-level travel time spent in this place.
 D = Time resting spent in this place.
 E = Time spent auto-exploring this place.
 F = Levels seen in this place.
 G = Mean time per level.
                   A        B        C        D        E       F      G
               +--------+--------+--------+--------+--------+-----+--------+
         Total |  20019 |  18770 |   1249 |   2517 |  13187 |  19 | 1053.6 |
       Dungeon |  15571 |  14508 |   1063 |   2517 |   9698 |  13 | 1197.8 |
          Lair |   4034 |   3905 |    129 |      0 |   3233 |   5 |  806.8 |
  Orcish Mines |    413 |    358 |     55 |      0 |    256 |   1 |  413.0 |
               +--------+--------+--------+--------+--------+-----+--------+

Top non-repeatable levels by time:
    D:10: 2236 daAuts
     D:9: 1767 daAuts
    D:11: 1724 daAuts
    D:12: 1601 daAuts
  Lair:4: 1590 daAuts
     D:3: 1161 daAuts
     D:5: 1147 daAuts
     D:8: 1093 daAuts
  Lair:3: 956 daAuts
     D:7: 892 daAuts
    D:13: 876 daAuts
     D:1: 866 daAuts
     D:4: 773 daAuts
     D:2: 729 daAuts
     D:6: 699 daAuts
